 Dungeon Crawl Stone Soup version 0.18-b1-18-g7758cf2 (webtiles) character file.

34954 pipel the Carver (level 13, 0/101 HPs)
             Began as a Green Draconian Berserker on May 1, 2016.
             Was a High Priest of Trog.
             Slain by a spiny frog (8 damage)
             ... on level 4 of the Lair of Beasts on May 2, 2016.
             The game lasted 01:55:06 (8497 turns).

pipel the Carver (Green Draconian Berserker)        Turns: 8497, Time: 01:55:07

Health: 0/101      AC: 12    Str: 23      XL:     13   Next: 45%
Magic:  5/5        EV: 17    Int:  7 (8)  God:    Trog [*****.]
Gold:   913        SH:  0    Dex: 11 (12) Spells: 0 memorised, 12 levels left

rFire  + + .     SeeInvis +     a - +3 great sword of Iklaunot {antimagic, +Rage rF+ Stlth+}
rCold  . . .     Gourm    .     (armour unavailable)
rNeg   . . .     Faith    .     (shield currently unavailable)
rPois  +         Spirit   .     r - +2 hat
rElec  .         Dismiss  .     q - +0 cloak
rCorr  .         Reflect  .     I - +0 pair of gloves
SustAt .         Harm     +     (no boots)
MR     +....                    j - amulet of harm
Stlth  +++.......               O - ring of protection from fire
                                i - ring of see invisible

@: exhausted, slowed, very slow, somewhat resistant to hostile enchantments,
fairly stealthy
A: breathe noxious fumes, unfitting armour, stinger 1, deterioration 1, frail 1,
magic resistance 1, mutation resistance 1, poison resistance, cold-blooded, AC
+8
a: Breathe Noxious Fumes, Berserk, Trog's Hand, Brothers in Arms, Burn
Spellbooks, Renounce Religion, Evoke Berserk Rage


You were on level 4 of the Lair of Beasts.
You worshipped Trog.
Trog was extremely pleased with you.
You were not hungry.

You visited 3 branches of the dungeon, and saw 22 of its levels.
You also visited: Volcano.

You collected 968 gold pieces.
You spent 55 gold pieces at shops.

Inventory:

Hand Weapons
 a - the +3 great sword of Iklaunot (weapon) {antimagic, +Rage rF+ Stlth+}
   (You acquired it on level 2 of the Lair of Beasts)

   It disrupts the flow of magical energy around spellcasters and certain
   magical creatures (including the wielder).
   It protects you from fire.
   It lets you go berserk.
   It makes you more stealthy.
 b - a +4 blowgun
 o - a +0 rapier
Missiles
 f - 81 poisoned needles
 g - 12 silver javelins (quivered)
 y - 14 curare-tipped needles
 C - a throwing net
 R - 2 javelins of penetration
 W - 5 javelins of returning
 Z - 6 needles of sleeping
Armour
 q - a +0 cloak (worn)
 r - a +2 hat (worn)
 I - a +0 pair of gloves (worn)
Jewellery
 i - a ring of see invisible (left hand)
 j - an amulet of harm (around neck)
 A - an uncursed ring of teleportation
 H - an uncursed ring of sustain attributes
 O - a ring of protection from fire (right hand)
Wands
 h - a wand of enslavement (8/24)
 k - a wand of iceblast (6/15)
 m - a wand of digging (17/24)
 F - a wand of teleportation (6/9)
 G - a wand of acid (2/15)
 J - a wand of lightning (5/15)
 L - a wand of iceblast (0/15)
Scrolls
 e - 4 scrolls of teleportation
 w - a scroll of magic mapping
 K - 2 scrolls of enchant weapon
 M - 3 scrolls of remove curse
 S - a scroll of identify
 Y - 2 scrolls of enchant armour
Potions
 d - a potion of resistance {resist, unknown}
 l - a potion of brilliance
 n - 2 potions of lignification
 p - 7 potions of curing
 s - 4 potions of flight {unknown}
 z - 2 potions of haste
 B - a potion of berserk rage
 Q - a potion of agility {unknown}
 T - 2 potions of ambrosia
 V - a potion of might
Books
 u - a book of Misfortune

   Spells                             Type                      Level
   a - Confusing Touch                Hexes                        2
   b - Confuse                        Hexes                        3
   c - Gell's Gravitas                Hexes/Translocation          3
   d - Petrify                        Transmutation/Earth          4
   e - Metabolic Englaciation         Hexes/Ice                    5
   f - Yara's Violent Unravelling     Hexes/Transmutation          5
   Trog disapproves of the use of such an item.
 v - the Collected Works on Intoxication
   (You found it on level 9 of the Dungeon)

   Spells                             Type                      Level
   a - Olgreb's Toxic Radiance        Poison                       4
   b - Venom Bolt                     Conjuration/Poison           5
   Trog disapproves of the use of such an item.
 E - a book of Conjurations

   Spells                             Type                      Level
   a - Magic Dart                     Conjuration                  1
   b - Searing Ray                    Conjuration                  2
   c - Dazzling Spray                 Conjuration/Hexes            3
   d - Fulminant Prism                Conjuration/Hexes            4
   e - Iskenderun's Mystic Blast      Conjuration                  4
   f - Iskenderun's Battlesphere      Conjuration/Charms           5
   Trog disapproves of the use of such an item.
 N - a book of Dreams

   Spells                             Type                      Level
   a - Ensorcelled Hibernation        Hexes/Ice                    2
   b - Silence                        Hexes/Air                    5
   c - Darkness                       Hexes                        6
   d - Shadow Creatures               Summoning                    6
   Trog disapproves of the use of such an item.
Miscellaneous
 U - a lamp of fire
 X - a plain deck of defence
Comestibles
 t - 6 fruits
 x - 6 bread rations
 D - 7 meat rations
 P - 11 chunks of flesh


   Skills:
 - Level 10.1 Fighting
 + Level 14.6 Long Blades
 - Level 6.0 Throwing
 - Level 12.0 Dodging
 - Level 3.0 Stealth
 - Level 5.2 Evocations


You had 12 spell levels left.
You didn't know any spells.

Dungeon Overview and Level Annotations

Branches:
Dungeon (13/15)            Temple (0/1) D:6            Lair (8/8) D:10
  Slime (0/6) Lair:7          Orc (1/2) D:10
  Swamp: Lair:3-6    Shoals: Lair:3-6     Snake: Lair:3-6    Spider: Lair:3-6
 Vaults: D:13-14

Altars:
Elyvilon
Gozag
Kikubaaqudgha
Qazlal
Yredelemnul
Jiyva

Shops:
D:4 ?

Annotations:
D:10 exclusion: downstairs
D:11 dwasdwasdwas's ghost, journeyman TrMo


Innate Abilities, Weirdness & Mutations

You can breathe blasts of noxious fumes.
Your lurid green scales are hard (AC +8).
Your body does not fit into most forms of armour.
Your system is resistant to poisons.
You are cold-blooded and may be slowed by cold attacks.
Your tail ends in a poisonous barb.
Your body sometimes deteriorates upon taking damage.
You are frail (-10% HP).
You are resistant to hostile enchantments.
You are somewhat resistant to further mutation.


Message History

You feel somewhat more hungry.
The giant frog hits you but does no damage.
The spiny frog barely misses you. The giant frog misses you.
The spiny frog stings you.
* * * LOW HITPOINT WARNING * * *
You are lethally poisoned!
The spiny frog poisons you! The black bear bites your troll.
The black bear claws your troll.
The black bear claws your troll but does no damage.
You take 7 damage, and have 4/101 hp.
Drink which item? (? for menu, Esc to quit)
You feel better. The giant frog hits you.
* * * LOW HITPOINT WARNING * * *
The spiny frog misses you.
The black bear closely misses your troll. x2
The black bear barely misses your troll.
Your troll bites the black bear.
Your troll claws the black bear!
Your troll barely misses the black bear.
The giant frog misses you. The spiny frog stings you!
You die...

##....P#..
.........#
D........#
.........#
....h....##
...T....#
#."FF.# ##@.#
#...## #....#
##..## #...##
## #P...# #
#.###..##
....##.#....##
.............#


You could see a five-headed hydra, a spiny frog, a black bear, a giant frog and
a friendly troll (berserk).

Vanquished Creatures
  Frances (D:12)
  Gastronok (Lair:2)
  5 hydras
  Fannar (D:10)
  A centaur warrior (D:13)
  Erolcha (D:13)
  Sonja (D:12)
  2 death yaks (Lair:5)
  A fire crab (Lair:2)
  A skeletal warrior (D:12)
  An unseen horror (D:13)
  2 hill giants
  2 lindwurms
  A cyclops (D:12)
  2 black mambas (Lair:7)
  A centaur zombie (D:13)
  Psyche (D:8)
  2 molten gargoyles (Volcano)
  10 spiny frogs
  A rime drake (Lair:7)
  6 komodo dragons
  A troll (D:11)
  A polar bear (Lair:5)
  A boulder beetle (Lair:6)
  9 blink frogs
  4 wyverns (Lair:7)
  8 yaks
  2 basilisks
  4 fire bats (Volcano)
  12 hippogriffs
  2 wargs (D:10)
  A mottled dragon (Volcano)
  12 porcupines
  4 hell hounds
  8 water moccasins
  2 sky beasts
  2 black bears
  3 orc warriors (D:10)
  3 ice beasts
  2 ogres
  3 wolves (Lair:1)
  6 centaurs
  6 crocodiles
  A big kobold (D:11)
  11 giant frogs
  5 scorpions
  A wyvern skeleton (D:10)
  5 killer bees
  2 howler monkeys
  2 lava snakes (Volcano)
  3 hounds
  3 jellies
  A giant frog skeleton (D:11)
  6 orc priests
  3 centaur skeletons
  4 iguanas
  4 orc wizards
  5 worker ants
  4 sheep (Lair:3)
  9 adders
  41 river rats
  2 shadow imps
  3 adder skeletons
  An adder zombie (D:6)
  2 worms
  3 giant geckos
  29 orcs
  9 bats
  4 giant cockroaches
  2 hobgoblins
  4 jackals (D:4)
  2 quokkas
  3 giant newts (D:3)
  A goblin (D:1)
  12 kobolds
  A quokka skeleton (D:7)
  3 rats (D:1)
  3 fungi
  A plant (Lair:5)
335 creatures vanquished.

Vanquished Creatures (collateral kills)
  A hippogriff (Lair:6)
  2 killer bees
  A howler monkey (D:8)
  A worker ant (D:8)
5 creatures vanquished.

Vanquished Creatures (others)
  2 killer bees (D:9)
  A hound (D:9)
  A fungus (Lair:4)
  3 plants
7 creatures vanquished.

Grand Total: 347 creatures vanquished

Notes
Turn   | Place    | Note
--------------------------------------------------------------
     0 | D:1      | pipel the Draconian Berserker began the quest for the Orb.
     0 | D:1      | Reached XP level 1. HP: 19/19 MP: 1/1
    83 | D:2      | Reached XP level 2. HP: 26/26 MP: 2/2
   184 | D:4      | Reached XP level 3. HP: 33/33 MP: 3/3
   268 | D:4      | Noticed a scorpion
   322 | D:4      | Killed a scorpion
   322 | D:4      | Reached XP level 4. HP: 13/40 MP: 4/4
   348 | D:5      | Entered Level 5 of the Dungeon
   409 | D:4      | Found Qetemyxa's Magic Scroll Emporium.
   430 | D:4      | Reached skill level 4 in Long Blades
   430 | D:4      | Reached XP level 5. HP: 28/47 MP: 5/5
   543 | D:3      | Found an ancient bone altar of Kikubaaqudgha.
   543 | D:3      | Found a basalt altar of Yredelemnul.
   543 | D:3      | Found an opulent altar of Gozag.
   562 | D:3      | Reached ** piety under Trog
   612 | D:4      | Found a stormy altar of Qazlal.
   615 | D:4      | You fall through a shaft for 2 floors!
   615 | D:6      | Found a white marble altar of Elyvilon.
   648 | D:5      | Noticed an ice beast
   653 | D:5      | Killed an ice beast
   733 | D:4      | Bought a scroll of teleportation for 33 gold pieces
   733 | D:4      | Bought a scroll of identify for 22 gold pieces
   775 | D:5      | Reached XP level 6. HP: 34/55 MP: 6/6
   894 | D:6      | Reached skill level 5 in Dodging
   970 | D:6      | Found a staircase to the Ecumenical Temple.
  1078 | D:9      | Reached skill level 5 in Fighting
  1086 | D:9      | Your scales start taking on a lurid green colour.
  1086 | D:9      | Reached XP level 7. HP: 53/61 MP: 7/7
  1086 | D:9      | Gained mutation: Your system is resistant to poisons. [Green Draconian growth]
  1088 | D:9      | Reached skill level 1 in Evocations
  1207 | D:7      | Noticed a hill giant
  1235 | D:7      | Killed a hill giant
  1235 | D:7      | Reached skill level 5 in Long Blades
  1235 | D:7      | Reached XP level 8. HP: 62/70 MP: 7/9
  1298 | D:7      | Gained mutation: You are frail (-10% HP). [mutagenic meat]
  1309 | D:7      | Reached skill level 1 in Throwing
  1310 | D:7      | Gained mutation: You are somewhat resistant to further mutation. [mutagenic meat]
  1313 | D:7      | Gained mutation: Your tail ends in a poisonous barb. [mutagenic meat]
  1392 | D:8      | Reached *** piety under Trog
  1469 | D:8      | Reached skill level 6 in Long Blades
  1647 | D:10     | Entered Level 10 of the Dungeon
  1647 | D:10     | Noticed Fannar
  1762 | D:8      | Noticed Psyche
  1771 | D:8      | Killed Psyche
  1771 | D:8      | Reached XP level 9. HP: 47/70 MP: 10/12
  1852 | D:10     | Killed Fannar
  1926 | D:10     | Found a staircase to the Lair.
  1938 | D:10     | Reached skill level 7 in Long Blades
  1950 | D:10     | Reached skill level 5 in Evocations
  2238 | D:9      | Reached XP level 10. HP: 77/77 MP: 13/13
  2243 | D:9      | Gained mutation: Your body sometimes deteriorates upon taking damage. [mutagenic meat]
  2258 | D:9      | Identified the Collected Works on Intoxication
  2323 | D:11     | Noticed dwasdwasdwas's ghost (journeyman TrMo)
  2345 | D:10     | Reached **** piety under Trog
  2385 | D:10     | Found a staircase to the Orcish Mines.
  2816 | D:13     | Noticed Erolcha
  2825 | D:13     | Killed Erolcha
  2850 | D:11     | Reached skill level 8 in Long Blades
  3030 | D:11     | Received a gift from Trog
  3392 | D:12     | Noticed Sonja
  3396 | D:12     | Killed Sonja
  3396 | D:12     | Reached skill level 9 in Long Blades
  3472 | D:12     | Reached skill level 10 in Dodging
  3562 | D:13     | Noticed an unseen horror
  3584 | D:13     | Killed an unseen horror
  3584 | D:13     | Reached XP level 11. HP: 61/85 MP: 14/14
  3590 | D:13     | Noticed a centaur warrior
  3605 | D:13     | Killed a centaur warrior
  3626 | D:13     | Noticed a skeletal warrior
  3626 | D:13     | Noticed a skeletal warrior
  3627 | D:13     | Noticed a griffon
  3627 | D:13     | Noticed a skeletal warrior
  3687 | D:12     | Killed a skeletal warrior
  3797 | D:12     | Noticed a hill giant
  3803 | D:12     | Killed a hill giant
  4069 | D:12     | Noticed Frances
  4085 | D:12     | Killed Frances
  4085 | D:12     | Reached skill level 10 in Long Blades
  4301 | Orc:1    | Entered Level 1 of the Orcish Mines
  4301 | Orc:1    | Noticed an orc knight
  4301 | Orc:1    | Noticed an orc sorcerer
  4301 | Orc:1    | Noticed an orc sorcerer
  4303 | Orc:1    | Noticed an orc warlord
  4358 | Lair:1   | Entered Level 1 of the Lair of Beasts
  4386 | Lair:1   | Reached ***** piety under Trog
  4419 | Lair:1   | Reached skill level 5 in Throwing
  4636 | Lair:1   | Found a dark tunnel.
  4636 | Lair:1   | Noticed a lindwurm
  4640 | Lair:1   | Killed a lindwurm
  4640 | Lair:1   | HP: 1/87 [river rat (6)]
  4653 | Volcano  | Entered a volcano
  4917 | Volcano  | Found a bloodstained altar of Trog.
  4917 | Volcano  | Noticed a lindwurm
  4927 | Volcano  | Killed a lindwurm
  5236 | Volcano  | Reached XP level 12. HP: 95/95 MP: 15/15
  5274 | Lair:1   | Received a gift from Trog
  5669 | Lair:2   | Gained mutation: You are resistant to hostile enchantments. [potion of mutation]
  5690 | Lair:2   | Received a gift from Trog
  5839 | Lair:2   | Received a gift from Trog
  5845 | Lair:2   | Identified a scroll of acquirement
  5846 | Lair:2   | Got a crystal great sword
  5847 | Lair:2   | Identified the +3 great sword of Iklaunot {antimagic, +Rage rF+ Stlth+} (You acquired it on level 2 of the Lair of Beasts)
  5900 | Lair:2   | Noticed Gastronok
  5917 | Lair:2   | Killed Gastronok
  5917 | Lair:2   | Reached skill level 10 in Fighting
  5917 | Lair:2   | Reached skill level 11 in Long Blades
  6040 | Lair:1   | Received a gift from Trog
  6367 | Lair:3   | Reached skill level 12 in Long Blades
  6374 | Lair:3   | Reached skill level 1 in Stealth
  7309 | Lair:6   | Noticed a four-headed hydra
  7327 | Lair:6   | Killed a five-headed hydra
  7399 | Lair:7   | Upgraded the game from 0.18-b1-16-g289874d to 0.18-b1-18-g7758cf2
  7421 | Lair:8   | Entered Level 8 of the Lair of Beasts
  7512 | Lair:7   | Reached skill level 13 in Long Blades
  7561 | Lair:7   | Reached XP level 13. HP: 33/101 MP: 5/16
  7646 | Lair:7   | Received a gift from Trog
  7776 | Lair:7   | Found a viscous altar of Jiyva.
  7776 | Lair:7   | Found a staircase to the Slime Pits.
  7983 | Lair:7   | HP: 5/101 [seven-headed hydra (21)]
  7984 | Lair:7   | Reached skill level 14 in Long Blades
  8342 | Lair:5   | Received a gift from Trog
  8493 | Lair:4   | HP: 3/101 [spiny frog (25)]
  8497 | Lair:4   | Slain by a spiny frog

Skill      XL: |  1  2  3  4  5  6  7  8  9 10 11 12 13 |
---------------+----------------------------------------+-----
Dodging        | 3 4 5 6 7 8 10 11 12 | 12.0
Fighting       | 4 5 6 7 8 9 10 | 10.1
Long Blades    | 4 5 6 7 9 10 13 14 | 14.6
Evocations     | 2 4 5 |  5.2
Throwing       | 1 2 3 5 6 |  6.0
Stealth        | 3 |  3.0

Action                   |  1- 3 |  4- 6 |  7- 9 | 10-12 | 13-15 || total
-------------------------+-------+-------+-------+-------+-------++-------
Melee: Falchion          |    55 |    65 |   110 |   405 |       ||   635
       Tailslap          |     3 |     4 |    23 |    88 |    12 ||   130
       Great sword       |       |       |       |   161 |    73 ||   234
 Fire: Blowgun           |       |       |       |    38 |       ||    38
Throw: Javelin           |       |       |    12 |    28 |    14 ||    54
       Tomahawk          |       |       |       |    12 |       ||    12
Invok: Berserk           |     3 |     6 |     8 |    18 |     4 ||    39
       Trog's Hand       |       |       |     2 |     6 |     1 ||     9
       Brothers in Arms  |       |       |       |       |     1 ||     1
 Abil: Breathe Noxious F |       |       |    19 |    61 |    10 ||    90
Evoke: Wand              |       |     3 |     5 |     9 |    18 ||    35
       Lamp of fire      |       |       |       |     1 |       ||     1
  Use: Scroll            |       |     4 |     4 |    19 |       ||    27
       Potion            |       |     2 |       |     4 |     4 ||    10
 Stab: Sleeping          |       |     1 |       |    12 |     3 ||    16
       Confused          |       |       |     2 |    12 |     1 ||    15
  Eat: Chunk             |       |     7 |    19 |    34 |       ||    60
       Beef jerky        |       |     1 |       |     1 |       ||     2
       Fruit             |       |       |     2 |    10 |       ||    12
       Royal jelly       |       |       |     1 |     1 |       ||     2
       Pizza             |       |       |       |     3 |       ||     3
       Meat ration       |       |       |       |     1 |       ||     1
       Bread ration      |       |       |       |       |     1 ||     1
Armor: Skin              |    36 |    15 |    27 |   101 |    32 ||   211
Dodge: Dodged            |    51 |    36 |    74 |   403 |   107 ||   671
